 Seeded DCSS version 0.32-a0-643-ga006e7742e (webtiles) character file.

Game seed: 17152719215863785913 (custom seed)

123 Juicyj the Changeling (level 4, -3/33 HPs)
             Began as a Demonspawn Shapeshifter on Mar 7, 2024.
             Was an Initiate of Beogh.
             Slain by an orc
             ... wielding a +0 hand axe
              (6 damage)
             ... on level 4 of the Dungeon.
             The game lasted 00:05:10 (3338 turns).

Juicyj the Changeling (Demonspawn Shapeshifter)     Turns: 3338, Time: 00:05:10

Health: -3/33      AC:  9    Str: 16      XL:     4   Next: 80%
Magic:  4/4        EV: 10    Int:  8 (10) God:    Beogh [......]
Gold:   138        SH:  0    Dex: 11 (13) Spells: 3/3 levels left

rFire   . . .        s - +1 short sword (vamp)
rCold   . . .        (no shield)
rNeg    . . .        r - +3 scale mail {Will+}
rPois   .            (helmet currently unavailable)
rElec   .            (cloak currently unavailable)
rCorr   .            (gloves currently unavailable)
SInv    .            (boots currently unavailable)
Will    ++...        (no amulet) Stlth
                     (no ring)
HPRegen 0.25/turn    (no ring)
MPRegen 0.09/turn

%: no passive effects
@: beast-form, enlightened, flying (expiring), wreathed by umbra
A: beast (slay +1), horns 1, demonic guardian 1, foul shadow 1
a: Begin Untransformation, Renounce Religion


You were on level 4 of the Dungeon.
You worshipped Beogh.
Beogh was noncommittal.
You were a hulking beast.
You visited 1 branch of the dungeon, and saw 4 of its levels.

You collected 138 gold pieces.

Inventory:

Hand Weapons
 s - a +1 vampiric short sword (weapon)
Armour
 a - a +0 animal skin
 i - a +0 plate armour
 r - a +3 scale mail of willpower (worn)
Jewellery
 g - a ring of fire
 p - an amulet of guardian spirit
Talismans
 c - a beast talisman (active)
 d - a flux talisman
 j - a maw talisman
Wands
 l - a wand of mindburst (7)
Scrolls
 f - a scroll of amnesia
 h - a scroll of immolation
Potions
 b - a potion of lignification


   Skills:
 + Level 2.2 Fighting
 * Level 1.5 Short Blades
 + Level 0.3 Armour
 + Level 2.5 Dodging
 - Level 2.9 Unarmed Combat
 * Level 3.3 Shapeshifting


You had 3 spell levels left.
You didn't know any spells.
Your spell library contained the following spells:

 Spells                   Type           Power      Damage    Failure   Level
 Vhi's Electric Charge    Tloc/Air       0%         N/A       100%        4
 Arcjolt                  Conj/Air       0%         1d10      100%        5
 Conjure Ball Lightning   Conj/Air       0%         3x3d6     100%        6
 Discord                  Hex            0%         N/A       100%        8
 Disjunction              Tloc           0%         N/A       100%        8
 Maxwell's Capacitive Co  Air            0%         ∞         100%        8


Dungeon Overview and Level Annotations

Branches:
Dungeon (4/15)
 Temple: D:4-7

Altars:


Innate Abilities, Weirdness & Mutations

You are a hulking beast.
Your limbs bulge with bestial killing power. (Slay +1)
You have a pair of small horns on your head.
A weak demonic guardian rushes to your aid.
You are faintly shadowed, very rarely releasing foul flame when damaged in melee.


Message History

You hit the orc priest.
You feel better.
The orc priest is severely wounded.
The orc priest hits you but does no damage.
The orc hits you but does no damage.
You barely miss the orc priest.
The orc priest is severely wounded.
You are starting to lose your buoyancy.
The orc priest hits you with a +0 hand axe.
You hit the orc priest but do no damage.
Your headbutt misses the orc priest.
The orc priest is severely wounded.
The orc priest calls down the wrath of Beogh upon you.
Beogh smites you!
* * * LOW HITPOINT WARNING * * *
A demonic guardian appears!
Aiming: Mindburst
Press: ? - help, Q - select action Shift-Dir - straight line, f - orc priest
Aim: an orc priest, wielding a +0 hand axe and wearing a +0 chain mail (severely wounded, ally target, umbra, chance to affect: 64%)
The orc priest's mind is blasted!!
You blow up the orc priest!
Beogh accepts your kill.
Beogh appreciates your killing of a heretic priest.
Something hits you but does no damage.
The orc priest casts a cantrip, but nothing happens.
You feel your strength returning.
You feel your intelligence returning.
Aiming: Mindburst
Press: ? - help, Q - select action Shift-Dir - straight line, f - orc priest
Aim: an orc priest, wielding a +0 flail and wearing a +0 ring mail (ally target, chance to affect: 64%) Nothing appears to happen.
Something hits you.
* * * LOW HITPOINT WARNING * * *
The orc hits you with a +0 hand axe.
* * * LOW HITPOINT WARNING * * *
Aiming: Mindburst
Press: ? - help, Q - select action Shift-Dir - straight line, f - orc, p - orc priest
Aim: an orc, wielding a +0 hand axe and wearing a +0 leather armour (umbra, chance to affect: 79%)
The orc barely resists.
Something completely misses you. The orc hits you with a +0 hand axe.
You die...
Beogh appreciates the orc's killing of a heretic priest.

. #.. ..#####..
#so...#.#+#
####......#
........##
####....<####
###oo....#
####.o.####.#.#
.....#h###....#
##...5..$..###
#....>.###.#
#.####.....# #.
#.....# #.....#
#.<...# #....##
#....#


You could see an orc priest (ally target), 2 orcs and a friendly quasit
(summoned).

Vanquished Creatures
  An orc priest (D:4)
  3 adders
  A dart slug (D:1)
  2 ribbon worms
  An orc (D:3)
  6 bats
  6 endoplasms
  3 giant cockroaches
  6 goblins
  9 hobgoblins
  5 quokkas
  2 ball pythons (D:2)
  4 kobolds
  5 rats
54 creatures vanquished.

Notes
Turn   | Place    | Note
-------+----------+-------------------------------------------
     0 | D:1      | Juicyj the Demonspawn Shapeshifter began the quest for the
                  | Orb.
     0 | D:1      | Reached XP level 1. HP: 15/15 MP: 1/1
   271 | D:1      | Gained mutation: You have a pair of small horns on your
                  | head. [demonic ancestry]
   271 | D:1      | Reached XP level 2. HP: 14/21 MP: 2/2
  1338 | D:2      | Reached skill level 3 in Shapeshifting
  1408 | D:2      | Gained mutation: You are faintly shadowed, very rarely
                  | releasing foul flame when damaged in melee. [demonic
                  | ancestry]
  1408 | D:2      | Reached XP level 3. HP: 26/26 MP: 3/3
  2266 | D:2      | Reached skill level 1 in Short Blades
  2329 | D:3      | Gained mutation: A weak demonic guardian rushes to your
                  | aid. [demonic ancestry]
  2329 | D:3      | Reached XP level 4. HP: 28/33 MP: 4/4
  2433 | D:3      | Became a worshipper of Beogh the Shepherd
  3294 | D:4      | Noticed a scorpion
  3338 | D:4      | Slain by an orc

Illustrated notes

Levels and vault maps discovered:
D:1:      minmay_arrival_four_circles, layout_basic
D:2:      layout_loops_corners
D:3:      layout_basic
D:4:      kennysheep_big_flooded_room, layout_basic, portal_sewer_entry_d,
          uniq_sigmund

Skill      XL: |  1  2  3  4 |
---------------+-------------+-----
Dodging        | 2 |  2.5
Shapeshifting  | 3 |  3.3
Short Blades   | 1 |  1.5
Fighting       | 2 |  2.2
Armour         | |  0.3
Unarmed Combat | |  2.9

Action                     |  1- 3 |  4- 6 || total
---------------------------+-------+-------++-------
  Melee: Unarmed           |    59 |       ||    59
         Short sword       |    67 |    38 ||   105
         Headbutt          |    16 |     8 ||    24
 Invoke: Convert to Beogh  |       |     1 ||     1
  Evoke: Wand              |       |     3 ||     3
    Use: Scroll            |       |     6 ||     6
         Potion            |       |     2 ||     2
   Stab: Sleeping          |     4 |       ||     4
 Armour: Animal skin       |    54 |     9 ||    63
         Scale mail        |       |    21 ||    21
         Skin              |       |     1 ||     1
  Dodge: Dodged            |    81 |    23 ||   104
   Form: Beast             |       |     1 ||     1
         Maw               |       |     1 ||     1

Table legend: (Time is in decaauts)
 A = Elapsed time spent in this place.
 B = Non-inter-level travel time spent in this place.
 C = Inter-level travel time spent in this place.
 D = Time resting spent in this place.
 E = Time spent auto-exploring this place.
 F = Levels seen in this place.
 G = Mean time per level.
                   A        B        C        D        E       F      G
               +--------+--------+--------+--------+--------+-----+--------+
         Total |   3329 |   3166 |    163 |      0 |   2688 |   4 |  832.2 |
       Dungeon |   3329 |   3166 |    163 |      0 |   2688 |   4 |  832.2 |
               +--------+--------+--------+--------+--------+-----+--------+

Top non-repeatable levels by time:
     D:1: 1266 daAuts
     D:2: 1019 daAuts
     D:3: 1013 daAuts
     D:4: 29 daAuts
